 Dungeon Crawl Stone Soup version 0.30-a0-883-g5ad918d77d (webtiles) character file.

Game seed: 3572052490993494480

482415 hikkokomori the Acrobat (level 24, -20/206 HPs)
             Began as a Merfolk Berserker on Mar 16, 2023.
             Was the Champion of Trog.
             Demolished by a vampire knight
             ... wielding a +0 great mace
              (28 damage)
             ... while paralysed by a vampire knight
             ... on level 1 of the Crypt on Mar 17, 2023.
             The game lasted 02:45:40 (45819 turns).

hikkokomori the Acrobat (Merfolk Berserker)        Turns: 45819, Time: 02:45:40

Health: -20/206    AC: 26    Str: 22    XL:     24   Next: 56%
Magic:  23/23      EV:  2    Int:  5    God:    Trog [******]
Gold:   4582       SH:  0    Dex: 36    Spells: 23/23 levels left

rFire   + . .      SeeInvis .    k - +9 demon blade (drain)
rCold   + + .      Faith    .    Y - +5 kite shield {reflect}
rNeg    + . .      Spirit   .    r - +6 scale mail of Midwinter {Regen+ Str+5 Dex+3}
rPois   +          Reflect  +    d - +0 helmet "Wadofrie" {Rampage rPois rC+ Dex+3}
rElec   +          Rampage  +    E - scarf {+Inv}
rCorr   .                        F - +2 pair of gloves
Will    +....                    p - +2 pair of slick slippers {slick, slippery, EV+5}
Stlth   ++++++++                 v - amulet of regeneration
HPRegen 2.14/turn                A - ring "Naust" {rElec rN+ AC+4 Stlth+}
MPRegen 0.18/turn                G - ring "Empetzepeck" {rF+ rC+ Will+ Int-2 Dex+6}

@: paralysed, weak-willed
A: (nimble swimmer 2), mertail
}: 3/15 runes: decaying, serpentine, silver
a: Renounce Religion, Evoke Invisibility, Berserk, Trog's Hand, Brothers in Arms


You were on level 1 of the Crypt.
You worshipped Trog.
Trog was exalted by your worship.
You visited 10 branches of the dungeon, and saw 44 of its levels.
You also visited: Bailey.

You collected 6453 gold pieces.
You spent 1871 gold pieces at shops.

Inventory:

Hand Weapons
 k - a +9 demon blade of draining (weapon)
 B - the +7 dagger of the Past {freeze, *Rage rCorr Dex+6 Stlth+}
   (You found it in a bailey)

   Dex:       It affects your dexterity (+6).
   *Rage:     It berserks you when you make melee attacks (+20% chance).
   rCorr:     It protects you from acid and corrosion.
   Stlth:     It makes you more stealthy.
 R - a +4 antimagic demon blade
 V - the +4 consecrated labrys {holy, Valiant Fragile Fly SInv}
   (You found it on level 4 of the Lair of Beasts)

   Valiant:   It becomes more powerful as more dangerous foes come into view.
   SInv:      It lets you see invisible.
   Fly:       It grants you flight.
   Fragile:   It will be destroyed if unequipped.
Missiles
 t - 5 silver javelins (quivered)
 N - 3 throwing nets
Armour
 d - the +0 helmet "Wadofrie" (worn) {Rampage rPois rC+ Dex+3}
   (You acquired it in a bailey)

   Dex:       It affects your dexterity (+3).
   rC:        It protects you from cold.
   rPois:     It protects you from poison.
   Rampage:   It bestows one free step when moving towards enemies.
 i - +0 storm dragon scales
 p - the +2 pair of slick slippers (worn) {slick, slippery, EV+5}
   (You found it on level 1 of the Elven Halls)

   Slick:     Its wearer cannot be constricted, engulfed, netted or webbed.
   Slippery:  It slips away from damaging melee attacks, pulling the attacker
   onward.
   EV:        It affects your evasion (+5).
 r - the +6 scale mail of Midwinter (worn) {Regen+ Str+5 Dex+3}
   (You found it on level 3 of the Elven Halls)

   Str:       It affects your strength (+5).
   Dex:       It affects your dexterity (+3).
   Regen:     It increases your rate of health regeneration.
 E - a scarf of invisibility (worn)
 F - a +2 pair of gloves (worn)
 Y - a +5 kite shield of reflection (worn)
Jewellery
 v - an amulet of regeneration (around neck)
 w - a ring of see invisible
 A - the ring "Naust" (left hand) {rElec rN+ AC+4 Stlth+}
   (You found it on level 3 of the Depths)

   [ring of protection]

   AC:        It affects your AC (+4).
   rElec:     It insulates you from electricity.
   rN:        It protects you from negative energy.
   Stlth:     It makes you more stealthy.
 C - the ring of Agnosticism {+Blink rN+ Will+ Str+3}
   (You acquired it on level 5 of the Vaults)

   [ring of willpower]

   Str:       It affects your strength (+3).
   rN:        It protects you from negative energy.
   +Blink:    It lets you blink.
   Will:      It increases your willpower.
 G - the ring "Empetzepeck" (right hand) {rF+ rC+ Will+ Int-2 Dex+6}
   (You bought it in a shop on level 2 of the Orcish Mines)

   [ring of willpower]

   Int:       It affects your intelligence (-2).
   Dex:       It affects your dexterity (+6).
   rF:        It protects you from fire.
   rC:        It protects you from cold.
   Will:      It increases your willpower.
Wands
 m - a wand of quicksilver (17)
 x - a wand of digging (8)
 y - a wand of polymorph (27)
 D - a wand of charming (47)
 I - a wand of mindburst (10)
 P - a wand of iceblast (15)
Scrolls
 b - a scroll of brand weapon
 f - a scroll of silence
 j - 13 scrolls of teleportation
 n - 3 scrolls of fog
 s - 12 scrolls of vulnerability
 z - 5 scrolls of fear
 K - a scroll of summoning
 Q - 5 scrolls of enchant weapon
 S - 6 scrolls of blinking
 T - 7 scrolls of magic mapping
Potions
 c - 10 potions of attraction
 e - 7 potions of mutation
 g - 5 potions of ambrosia
 h - 18 potions of curing
 l - 8 potions of flight
 o - 3 potions of cancellation
 q - 6 potions of resistance
 u - 4 potions of haste
 H - 4 potions of magic
 U - 3 potions of invisibility
 W - 10 potions of heal wounds
 X - 3 potions of might
Miscellaneous
 a - a condenser vane
 J - a tin of tremorstones (2/2)
 L - a lightning rod (4/4)
 M - a phantom mirror
 O - a phial of floods


   Skills:
 + Level 20.6 Fighting
 - Level 13.1(17.3) Short Blades
 + Level 18.3(19.8) Long Blades
 + Level 12.4 Armour
 - Level 22.3 Dodging
 + Level 18.8 Stealth
 - Level 16.4 Shields
 + Level 18.0 Evocations


You had 23 spell levels left.
You didn't know any spells.
Your spell library contained the following spells:

 Spells                   Type           Power      Damage    Failure   Level
 Foxfire                  Conj/Fire      0%         2x1d4     88%         1
 Necrotise                Necr           0%         1d4       88%         1
 Sting                    Tmut/Pois      0%         1d3       88%         1
 Blink                    Tloc           0%         N/A       95%         2
 Lesser Beckoning         Tloc           0%         N/A       95%         2
 Momentum Strike          Conj/Tloc      0%         3d8       95%         2
 Poisonous Vapours        Pois/Air       0%         N/A       95%         2
 Scorch                   Fire           0%         2d5       95%         2
 Ozocubu's Armour         Ice            0%         N/A       99%         3
 Vampiric Draining        Necr           0%         2d6       99%         3
 Animate Armour           Summ/Erth      0%         N/A       100%        4
 Manifold Assault         Tloc           0%         N/A       100%        4
 Olgreb's Toxic Radiance  Pois           0%         N/A       100%        4
 Agony                    Necr           0%         N/A       100%        5
 Fireball                 Conj/Fire      0%         3d3       100%        5
 Metabolic Englaciation   Hex/Ice        0%         N/A       100%        5
 Summon Forest            Summ/Tloc      0%         N/A       100%        5
 Dispersal                Tloc           0%         N/A       100%        6
 Eringya's Noxious Bog    Tmut/Pois      0%         N/A       100%        6
 Iron Shot                Conj/Erth      0%         9d1       100%        6
 Simulacrum               Ice/Necr       0%         N/A       100%        6
 Starburst                Conj/Fire      0%         6d3       100%        6
 Ozocubu's Refrigeration  Ice            0%         4d7       100%        7
 Summon Hydra             Summ           0%         N/A       100%        7
 Disjunction              Tloc           0%         N/A       100%        8
 Ignition                 Fire           0%         3d3       100%        8


Dungeon Overview and Level Annotations

Branches:
Dungeon (15/15)            Temple (1/1) D:5            Lair (5/5) D:9
  Swamp (4/4) Lair:3        Snake (4/4) Lair:2        Slime (0/5) Lair:5
    Orc (2/2) D:9             Elf (3/3) Orc:2        Vaults (5/5) D:13
  Crypt (1/3) Vaults:2     Depths (4/4) D:15            Zot (0/5) Depths:4
 Bailey (visited)

Altars:
Ashenzari
Cheibriados
Dithmenos
Elyvilon
Fedhas
Gozag
Hepliaklqana
Kikubaaqudgha
Makhleb
Nemelex Xobeh
Okawaru
Qazlal
Ru
Sif Muna
Trog
Uskayaw
Vehumet
Wu Jian
Xom
Yredelemnul
Zin
The Shining One

Shops:
Orc:2 =(!=[*[[   Elf:1 (   Snake:3 !   Vaults:5 *!*!

Portals:
Hell: Lair:5 Depths:1 Depths:2 Depths:3 Depths:4
Abyss: D:8 Depths:3
Pandemonium: Depths:2
Ziggurat: Depths:3
Trove: D:11 (give 14 potions of heal wounds)

Annotations:
D:8 2 transporters, asti's ghost, novice MiFi
Lair:3 3 runed translucent doors, Pimp's ghost, journeyman AtFi
Swamp:3 2 transporters, Iryalus's ghost, adept MfBe
Depths:2 2 transporters, patfeehan111222's ghost, adept MiBe


Innate Abilities, Weirdness & Mutations

((You are very nimble when in or above water. (Stealth+, EV+, Speed+++)))
Your lower body shifts to a powerful aquatic tail in water.


Message History

You block something's attack. Something misses you.
You block the soul eater's attack. Something draws life force from you!
Unknown command.
You slice the soul eater!!
You kill the soul eater!
Trog accepts your kill. Something completely misses you.
You block something's attack.
Unknown command.
You hit something but do no damage.
The vampire knight gestures wildly while chanting.
The vampire knight flickers and vanishes!
Something completely misses you. You block something's attack.
Unknown command.
You closely miss something. You block the freezing wraith's attack.
The freezing wraith completely misses you.
Something draws life force from you!
You slash something!
Unknown command.
You hit something but do no damage. Something draws life force from you!
You block the freezing wraith's attack.
The freezing wraith hits you but does no damage.
You hit something but do no damage. You block something's attack.
Something completely misses you.
You block the freezing wraith's attack. x2
Something misses you. Something closely misses you.
You slash something!
You hear some strange, mumbled words.
You suddenly lose the ability to move!
The freezing wraith hits you but does no damage.
The freezing wraith barely misses you. Something hits you!
You slip backwards!
Something hits you!!
* * * LOW HITPOINT WARNING * * *
You slip backwards!
Something draws life force from you!
* * * LOW HITPOINT WARNING * * *
Something hits you.
* * * LOW HITPOINT WARNING * * *
You slip backwards!
Something hits you!!
* * * LOW HITPOINT WARNING * * *
You slip backwards!
Something hits you!!
You die...

........$....#+###+#.
##+##.......#
#...#.......#
##.⌠.)....$..#
#...##W......#
#######...#.{......+
.........##.W......#
...⌠....##...=.......
.......##...@........
.⌠...⌠.#............
.......##...........
...⌠... ###.........
....... ###.......
####### ####... ...
..


You could see 2 freezing wraiths.

Vanquished Creatures
  2 dread liches (Vaults:5)
  An ancient lich (Vaults:5)
  3 juggernauts
  Sojobo (Depths:1)
  Frederick (Depths:3)
  Saint Roka (Depths:3)
  2 golden dragons
  A bone dragon (Depths:4)
  the Enchantress (Depths:2)
  Jorgrun (Swamp:1)
  5 tentacled monstrosities
  2 walking earthen tomes (Depths:3)
  A lich (Vaults:5)
  6 titans (Vaults:5)
  Mlioglotl (Snake:4)
  2 deep elf blademasters
  Asterion (Snake:4)
  A deep elf master archer (Elf:3)
  2 quicksilver dragons
  3 sphinxes (Vaults:5)
  9 tengu reavers
  Donald (Snake:2)
  4 nagarajas
  2 shadow dragons
  8 storm dragons (Vaults:5)
  A draconian knight (Depths:4)
  7 frost giants
  14 vault wardens
  5 deep elf sorcerers
  8 fire giants
  An iron dragon (Depths:4)
  Louise (Depths:3)
  6 deep elf elementalists (Elf:3)
  Aizul (Swamp:3)
  A curse skull (Crypt:1)
  A draconian stormcaller (Depths:4)
  3 ghouls (Swamp:4)
  4 orc warlords
  3 spriggan defenders (Depths:2)
  18 ironbound preservers
  2 war gargoyles
  A caustic shrike skeleton (Depths:1)
  19 very ugly things
  13 stone giants
  2 eleionomae
  A reaper (Depths:4)
  8 deep elf annihilators
  4 vampire knights
  5 deep elf demonologists
  6 ironbound thunderhulks
  5 bunyips
  A black draconian (Depths:4)
  16 dire elephants
  3 purple draconians (Depths:4)
  A red draconian (Depths:4)
  4 spark wasps (Depths:3)
  Nessos (D:15)
  A white draconian (Depths:4)
  7 deep elf death magi
  3 crystal guardians (Vaults:3)
  8 ettins
  2 green deaths (Swamp:4)
  9 yaktaur captains
  7 fire dragons
  A merfolk javelineer (Depths:2)
  8 deep elf high priests
  The ghost of Irudwodgh the Devastator, a journeyman DsCj of Gozag (Lair:4)
  8 great orbs of eyes
  Fannar (Orc:1)
  4 entropy weavers
  A merfolk impaler (Depths:3)
  2 jiangshi (Crypt:1)
  5 hell beasts
  6 ice dragons
  21 hydras
  3 ghost crabs
  30 vault guards
  Erica (D:9)
  6 rakshasas
  2 ogre magi (Vaults:5)
  A quicksilver dragon skeleton (Depths:1)
  3 peacekeepers
  11 centaur warriors
  5 spriggan air magi
  A death knight (D:15)
  2 salamander tyrants (Snake:4)
  10 anacondas
  24 dancing weapons
  7 two-headed ogres
  A death yak (shapeshifter) (Vaults:5)
  A deep troll shaman (Depths:1)
  11 alligators
  6 boulder beetles
  13 ironbound frosthearts
  5 hell hogs
  12 naga warriors
  A vampire mage (Depths:2)
  2 thrashing horrors (Swamp:4)
  5 spriggan berserkers
  An orc high priest (Orc:2)
  3 deep troll earth magi
  3 tengu warriors
  9 shock serpents
  Urug (Orc:2)
  4 sun demons
  9 naga sharpshooters (Snake:4)
  4 soul eaters
  10 deep elf knights
  9 hell knights
  A skyshark (Lair:3)
  3 salamander mystics
  4 iron trolls
  41 deep trolls
  4 spriggan druids
  2 death drakes (Swamp:4)
  5 skeletal warriors (D:15)
  2 sixfirhies
  8 swamp dragons
  4 goliath frogs
  4 flayed ghosts
  7 deep elf archers
  10 bog bodies
  7 naga ritualists
  17 ironbound convokers
  8 orc knights
  7 wizards
  Pikel (D:8)
  5 lindwurms
  11 necromancers
  8 phantasmal warriors
  2 glowing orange brains (Depths:2)
  20 deep elf pyromancers
  A lindwurm (shapeshifter) (Depths:4)
  14 deep elf zephyrmancers
  2 wolf spiders (D:15)
  A faun (shapeshifter) (Depths:3)
  5 harpies (Vaults:2)
  12 salamanders
  12 mana vipers
  5 orc sorcerers
  A stone giant zombie (Depths:1)
  An oklob plant (Lair:3)
  9 cyclopes
  34 ugly things
  6 will-o-the-wisps
  A moth of wrath (shapeshifter) (Elf:2)
  2 manticores
  A fire giant skeleton (Depths:1)
  2 frost giant skeletons (Vaults:2)
  34 vault sentinels
  28 black mambas
  30 elephants
  A guardian serpent (Snake:1)
  Joseph (D:9)
  A guardian serpent (shapeshifter) (D:15)
  A molten gargoyle (Depths:2)
  2 smoke demons (Depths:1)
  14 naga magi
  Maggie (D:10)
  An unseen horror (D:10)
  6 orange demons
  17 cane toads
  A torpor snail (Lair:5)
  A freezing wraith (Vaults:5)
  A hellion (Depths:2)
  9 komodo dragons
  A rime drake (shapeshifter) (Depths:1)
  5 rime drakes
  23 yaktaurs
  An ice devil (Lair:5)
  2 polar bears
  3 meliai (D:14)
  4 red devils
  2 hornets
  6 tyrant leeches
  A hellwing (Lair:5)
  3 trolls
  A tengu simulacrum (Vaults:2)
  A dream sheep (shapeshifter) (Depths:4)
  A spriggan zombie (Depths:1)
  16 blink frogs
  9 dream sheep
  A centaur simulacrum (D:15)
  An alligator skeleton (Crypt:1)
  4 flying skulls (Crypt:1)
  19 slime creatures
  2 air elementals
  7 spriggans
  2 fire elementals
  A vampire (D:12)
  11 water elementals
  A wraith (D:15)
  3 shadows
  Eustachio (D:6)
  2 wyverns
  3 basilisks
  15 yaks
  22 humans (D:13)
  A chaos spawn (Depths:2)
  A steam dragon (D:5)
  9 vampire mosquitoes
  8 redbacks
  3 wargs
  17 swamp worms
  44 nagas
  4 hell hounds (Lair:5)
  An acid dragon (D:11)
  14 water moccasins
  A floating eye (shapeshifter) (Elf:1)
  4 swamp drakes (Swamp:4)
  31 orc warriors
  A black bear (shapeshifter) (D:15)
  4 large abominations
  2 black bears (D:6)
  A human zombie (Vaults:2)
  5 wolves (Lair:5)
  12 ogres
  4 centaurs
  2 lemures (D:9)
  A phantom (D:6)
  An elf zombie (Elf:1)
  A kobold brigand (D:9)
  15 bullfrogs
  2 earth elementals (Elf:1)
  2 gnoll sergeants (D:7)
  2 scorpions (D:6)
  9 wights
  6 killer bees
  4 howler monkeys
  3 electric eels (Bailey)
  5 lava snakes
  A hound (D:5)
  18 orc priests
  6 jellies
  4 sleepcaps (D:6)
  3 iguanas
  29 orc wizards
  14 gnolls
  5 adders
  A shadow imp (D:7)
  A white imp (D:6)
  An ufetubus (D:5)
  5 dart slugs
  75 orcs
  7 endoplasms
  4 giant cockroaches
  14 goblins
  11 hobgoblins
  6 ball pythons
  6 bats
  3 frilled lizards
  A jackal skeleton (Crypt:1)
  8 kobolds
  6 rats
1601 creatures vanquished.

Vanquished Creatures (collateral kills)
  A tentacled monstrosity (Vaults:5)
  A vault warden (Vaults:5)
  4 vault guards (Vaults:5)
  2 phantasmal warriors (Vaults:5)
  A cyclops (shapeshifter) (Vaults:5)
  2 slime creatures (D:13)
  2 yaktaurs (Vaults:5)
  An orc warrior (Orc:2)
  2 orc priests
  2 gnolls
  5 orcs
  3 goblins (Bailey)
  A hobgoblin (Bailey)
27 creatures vanquished.

Vanquished Creatures (others)
  2 fire giants
  A vault warden (Vaults:5)
  A green draconian (Depths:4)
  A hydra (Swamp:2)
  A vampire mage (Depths:4)
  A deep elf knight (Elf:2)
  A deep elf zephyrmancer (Vaults:5)
  A deep elf pyromancer (Elf:2)
  An orc sorcerer (Orc:2)
  3 water elementals (Depths:4)
  A naga (Snake:4)
  An orc warrior (Orc:2)
  A swamp drake (Swamp:3)
  A jelly (D:7)
  An iguana (D:7)
  An orc wizard (D:4)
  A gnoll (Bailey)
  3 orcs
  22 foxfires
  37 fungi
  31 plants
113 creatures vanquished.

Grand Total: 1741 creatures vanquished

Notes
Turn   | Place    | Note
-------+----------+-------------------------------------------
     0 | D:1      | hikkokomori the Merfolk Berserker began the quest for the
                  | Orb.
     0 | D:1      | Reached XP level 1. HP: 18/18 MP: 1/1
   228 | D:1      | Reached skill level 1 in Stealth
   228 | D:1      | Reached XP level 2. HP: 3/24 MP: 2/2
   756 | D:1      | Reached XP level 3. HP: 26/30 MP: 3/3
  1986 | D:3      | Reached XP level 4. HP: 37/37 MP: 4/4
  2004 | D:3      | Found a faded altar of an unknown god.
  2153 | D:3      | Reached ** piety under Trog
  2863 | D:4      | Reached skill level 1 in Evocations
  2889 | D:4      | HP: 1/55 [iguana (9)]
  2891 | D:4      | Reached XP level 5. HP: 2/43 MP: 5/5
  2956 | D:4      | Reached skill level 5 in Long Blades
  3090 | D:4      | Reached skill level 3 in Dodging
  3090 | D:4      | Reached XP level 6. HP: 44/49 MP: 6/6
  3544 | D:4      | Reached skill level 5 in Fighting
  3702 | D:5      | Entered Level 5 of the Dungeon
  3716 | D:5      | Reached skill level 4 in Dodging
  3874 | D:5      | Reached XP level 7. HP: 51/56 MP: 7/7
  3909 | D:5      | Reached skill level 5 in Dodging
  3993 | D:5      | Found a staircase to the Ecumenical Temple.
  4109 | D:5      | Found a glowing silver altar of Zin.
  4172 | D:5      | Noticed a steam dragon
  4287 | Temple   | Entered the Ecumenical Temple
  4820 | D:5      | Killed a steam dragon
  4941 | D:6      | Reached skill level 6 in Dodging
  4994 | D:6      | Reached XP level 8. HP: 64/64 MP: 8/8
  5004 | D:6      | Reached skill level 5 in Stealth
  5052 | D:6      | Reached skill level 7 in Dodging
  5232 | D:6      | Reached skill level 8 in Dodging
  5383 | D:6      | Found a radiant altar of Vehumet.
  5459 | D:6      | Reached skill level 9 in Dodging
  5459 | D:6      | Reached XP level 9. HP: 65/71 MP: 9/9
  5472 | D:6      | Found a glowing golden altar of the Shining One.
  5473 | D:6      | Found a shadowy altar of Dithmenos.
  5474 | D:6      | Found a sacrificial altar of Ru.
  5480 | D:6      | Found a hazy altar of Hepliaklqana.
  5526 | D:6      | Found a burning altar of Makhleb.
  5527 | D:6      | Found a sparkling altar of Nemelex Xobeh.
  5706 | D:6      | Noticed Eustachio
  5723 | D:6      | Killed Eustachio
  5756 | D:6      | Found a basalt altar of Yredelemnul.
  5841 | D:6      | Found an ornate altar of the Wu Jian Council.
  5842 | D:6      | Found a shimmering blue altar of Sif Muna.
  5894 | D:6      | Found a stormy altar of Qazlal.
  6042 | D:7      | HP: 3/108 [gnoll/+0 club[a gnoll sergeant] (5)]
  6457 | D:8      | Reached skill level 10 in Dodging
  6500 | D:8      | Found a flagged portal.
  6507 | Bailey   | Entered a bailey
  6679 | Bailey   | Noticed an orc knight
  6737 | Bailey   | Reached *** piety under Trog
  6803 | Bailey   | Killed an orc knight
  6804 | Bailey   | Reached skill level 11 in Dodging
  6892 | Bailey   | Reached XP level 10. HP: 80/80 MP: 10/10
  7012 | Bailey   | Found an iron altar of Okawaru.
  7012 | Bailey   | Noticed an orc sorcerer
  7012 | Bailey   | Noticed an orc sorcerer
  7025 | Bailey   | Killed an orc sorcerer
  7026 | Bailey   | Reached skill level 12 in Dodging
  7029 | Bailey   | Noticed a smoke demon
  7042 | Bailey   | Noticed a sixfirhy
  7235 | Bailey   | Identified the +1 plate armour of Yredelemnul's Hope {Fly
                  | rPois}
  7280 | Bailey   | Acquired the +0 helmet "Wadofrie" {Rampage rPois rC+ Dex+3}
  7304 | Bailey   | Paralysed by an orc sorcerer for 2 turns
  7308 | Bailey   | Killed an orc sorcerer
  7357 | Bailey   | Identified the +7 dagger of the Past {freeze, *Rage rCorr
                  | Dex+6 Stlth+}
  7492 | D:8      | Reached skill level 1 in Short Blades
  7617 | D:8      | Found a one-way gate to the infinite horrors of the Abyss.
  7617 | D:8      | Noticed asti's ghost (novice MiFi)
  7638 | D:8      | Found a transporter.
  7638 | D:8      | Found a transporter.
  7638 | D:8      | Noticed a soul eater
  7836 | D:8      | Noticed Pikel
  7855 | D:9      | Found a staircase to the Lair.
  7901 | D:9      | Found a staircase to the Orcish Mines.
  7902 | D:9      | Noticed Erica
  7909 | D:9      | Noticed Joseph
  7912 | D:9      | Reached skill level 13 in Dodging
  7917 | D:9      | Killed Erica
  7922 | D:9      | Reached **** piety under Trog
  7936 | D:9      | Killed Joseph
  8162 | D:9      | Reached XP level 11. HP: 89/89 MP: 11/11
  8285 | D:9      | Reached skill level 14 in Dodging
  8484 | D:8      | Killed Pikel
  9277 | Orc:1    | Entered Level 1 of the Orcish Mines
  9278 | Orc:1    | Noticed Fannar
  9286 | Orc:1    | Reached skill level 10 in Stealth
  9297 | Orc:1    | Killed Fannar
  9298 | Orc:1    | Reached skill level 5 in Short Blades
  9340 | Orc:1    | Noticed an orc knight
  9346 | D:9      | Reached ***** piety under Trog
  9419 | Lair:1   | Entered Level 1 of the Lair of Beasts
  9442 | Lair:1   | Reached skill level 10 in Fighting
  9646 | Lair:1   | Reached skill level 1 in Shields
  9810 | Lair:1   | Reached skill level 5 in Evocations
 10174 | Lair:2   | Reached XP level 12. HP: 86/97 MP: 12/12
 10230 | Lair:2   | Reached skill level 5 in Shields
 10289 | Lair:2   | Found a staircase to the Snake Pit.
 10649 | Lair:2   | Noticed a seven-headed hydra
 10660 | Lair:2   | Killed a seven-headed hydra
 11304 | Lair:3   | Found a staircase to the Swamp.
 11325 | Lair:3   | Found a runed translucent gate.
 11325 | Lair:3   | Found a runed translucent gate.
 11325 | Lair:3   | Found a runed translucent gate.
 11325 | Lair:3   | Noticed Pimp's ghost (journeyman AtFi)
 11350 | Lair:3   | Noticed a skyshark
 11356 | Lair:3   | Killed a skyshark
 11410 | Lair:3   | Received a gift from Trog
 11428 | Lair:3   | Reached XP level 13. HP: 103/103 MP: 13/13
 12446 | Lair:4   | Reached skill level 5 in Armour
 12595 | Lair:4   | Reached skill level 15 in Dodging
 12883 | Lair:4   | Found a runed translucent door.
 12883 | Lair:4   | Found a shimmering altar of Xom.
 12883 | Lair:4   | Noticed Irudwodgh's ghost (journeyman DsCj)
 12883 | Lair:4   | Found the +4 consecrated labrys {holy, Valiant Fragile Fly
                  | SInv}
 13221 | Lair:5   | Entered Level 5 of the Lair of Beasts
 13328 | Lair:5   | Reached skill level 16 in Dodging
 14022 | Lair:5   | Found a staircase to the Slime Pits.
 14174 | Lair:5   | Reached XP level 14. HP: 113/113 MP: 14/14
 14302 | Lair:5   | Received a gift from Trog
 14406 | Lair:5   | Reached skill level 17 in Dodging
 14407 | Lair:5   | Noticed a dire elephant
 14557 | Lair:5   | Found a burning altar of Makhleb.
 14675 | Lair:5   | Killed a dire elephant
 14737 | Lair:5   | Found a gateway to Hell.
 15248 | Orc:2    | Entered Level 2 of the Orcish Mines
 15248 | Orc:2    | Found Leemm's Armour Emporium.
 15269 | D:10     | Entered Level 10 of the Dungeon
 15333 | D:10     | Noticed Maggie
 15367 | D:10     | Killed Maggie
 15942 | D:11     | Found a portal to a secret trove of treasure.
 16352 | D:11     | Received a gift from Trog
 16353 | D:11     | Reached skill level 18 in Dodging
 16588 | D:11     | Found a hide-covered altar of Uskayaw.
 17683 | Orc:2    | Found a bloodstained altar of Trog.
 17697 | Orc:2    | Found a staircase to the Elven Halls.
 17746 | Orc:2    | Found Pecof's Jewellery Shop.
 17750 | Orc:2    | Found Layrix's Armour Shop.
 17763 | Orc:2    | Bought a scarf of invisibility for 144 gold pieces
 17838 | Orc:2    | Found Zuomequt's Distillery.
 17887 | Orc:2    | Noticed Urug
 17912 | Orc:2    | Killed Urug
 18168 | Orc:2    | Noticed an orc warlord
 18186 | Orc:2    | Killed an orc warlord
 18222 | Orc:2    | Received a gift from Trog
 18277 | Orc:2    | Found Vakkea's Jewellery Emporium.
 18298 | Orc:2    | Reached ****** piety under Trog
 18359 | Orc:2    | Bought the ring "Empetzepeck" {rF+ rC+ Will+ Int-2 Dex+6}
                  | for 652 gold pieces
 18369 | Orc:2    | Found Fyoreixt's Antique Armour Emporium.
 18409 | Orc:2    | Found Aqit's Antique Weapon Emporium.
 18423 | Orc:2    | Found Ududac's General Store.
 18431 | Orc:2    | Bought a scroll of magic mapping for 90 gold pieces
 18568 | Orc:2    | Bought a pair of boots for 90 gold pieces
 19163 | D:13     | Reached XP level 15. HP: 122/122 MP: 15/15
 19275 | D:13     | Found a gate to the Vaults.
 19921 | D:14     | Received a gift from Trog
 20395 | D:15     | Entered Level 15 of the Dungeon
 20483 | D:15     | Noticed Nessos
 20488 | D:15     | Killed Nessos
 20729 | D:15     | Reached skill level 10 in Evocations
 20857 | D:15     | Found a blossoming altar of Fedhas.
 21099 | D:15     | Found a staircase to the Depths.
 21406 | Swamp:1  | Entered Level 1 of the Swamp
 21479 | Swamp:1  | Reached skill level 10 in Short Blades
 21597 | Swamp:1  | Reached skill level 10 in Shields
 21628 | Swamp:1  | Noticed Jorgrun
 21640 | Swamp:1  | Killed Jorgrun
 22085 | Swamp:2  | Reached XP level 16. HP: 26/123 MP: 16/16
 22089 | Swamp:2  | HP: 3/123 [spriggan rider/+0 spear[a spriggan druid] (16)]
 22668 | Swamp:3  | Noticed Aizul
 22669 | Swamp:3  | Noticed a thorn hunter
 22677 | Swamp:3  | Killed Aizul
 22683 | Swamp:3  | Found a transporter.
 22686 | Swamp:3  | Noticed a fenstrider witch
 22687 | Swamp:3  | Noticed Iryalus's ghost (adept MfBe)
 22692 | Swamp:3  | Found a transporter.
 23441 | Swamp:4  | Entered Level 4 of the Swamp
 23551 | Swamp:4  | Received a gift from Trog
 23955 | Swamp:4  | Reached skill level 15 in Stealth
 24125 | Swamp:4  | Reached XP level 17. HP: 126/140 MP: 17/17
 24235 | Swamp:4  | Identified the +2 ring mail of the Well-Known Heavens {rC-
                  | Regen+ Dex+8}
 24246 | Swamp:4  | Got a decaying rune of Zot
 24705 | Snake:1  | Entered Level 1 of the Snake Pit
 25376 | Snake:1  | Received a gift from Trog
 26328 | Snake:2  | Reached skill level 15 in Fighting
 26481 | Snake:2  | Noticed Donald
 26503 | Snake:2  | Killed Donald
 26671 | Snake:3  | Found Ledeb's Distillery.
 27105 | Snake:3  | Received a gift from Trog
 27468 | Snake:3  | Reached skill level 19 in Dodging
 27527 | Snake:4  | Entered Level 4 of the Snake Pit
 27606 | Snake:4  | Noticed Mlioglotl
 27629 | Snake:4  | Killed Mlioglotl
 27630 | Snake:4  | Reached XP level 18. HP: 149/149 MP: 18/18
 27663 | Snake:4  | Noticed Asterion
 27702 | Snake:4  | Killed Asterion
 27708 | Snake:4  | Reached skill level 10 in Long Blades
 27801 | Snake:4  | Noticed Vashnia
 27883 | Snake:4  | Vashnia changed into Vashnia the iron troll
 27883 | Snake:4  | Noticed Vashnia
 27890 | Snake:4  | Killed Vashnia the iron troll
 28404 | Snake:4  | Received a gift from Trog
 28573 | Snake:4  | Got a serpentine rune of Zot
 28845 | Elf:1    | Entered Level 1 of the Elven Halls
 29029 | Elf:1    | Found the +2 pair of slick slippers {slick, slippery, EV+5}
 29033 | Elf:1    | Found Magetzyts's Antique Weapon Shop.
 29589 | Elf:1    | Received a gift from Trog
 29628 | Elf:1    | Noticed an Ice Fiend
 29631 | Elf:1    | Noticed a Brimstone Fiend
 30264 | Elf:2    | Found a runed translucent gate.
 30264 | Elf:2    | Found a runed translucent gate.
 30274 | Elf:2    | Found a runed translucent gate.
 30329 | Elf:2    | Reached XP level 19. HP: 157/157 MP: 19/19
 30653 | Elf:2    | Received a gift from Trog
 31217 | Elf:3    | Entered Level 3 of the Elven Halls
 31251 | Elf:3    | Found Asaihulu's Distillery.
 31487 | Elf:3    | Received a gift from Trog
 31826 | Elf:3    | Identified the +6 ice dragon scales of Neganif {rF- rC++
                  | Regen+ rCorr Str+4 Dex-5}
 32262 | Elf:3    | Identified the +1 robe "Veduby" {Will+ Int+3 Dex-5}
 32374 | Elf:3    | Identified the +2 halberd "Kizxos Keehu" {heavy, rCorr}
 32374 | Elf:3    | Identified the +1 plate armour "Nojepem" {*Slow rC+++ rN++}
 32821 | Elf:3    | Identified the +6 scale mail of Midwinter {Regen+ Str+5
                  | Dex+3}
 32830 | Elf:3    | Identified the +3 dagger "Vahetaol" {spect, Drain rPois
                  | Str+7 Int+4}
 32833 | Elf:3    | Identified the +1 spear of Internal Strife {venom, rF++
                  | Dex+3}
 33417 | Vaults:1 | Entered Level 1 of the Vaults
 33572 | Vaults:1 | Received a gift from Trog
 33689 | Vaults:1 | Reached XP level 20. HP: 168/168 MP: 20/20
 33799 | Vaults:1 | Identified the +3 chain mail "Yqashe" {rF+}
 34746 | Vaults:2 | Received a gift from Trog
 34747 | Vaults:2 | Reached skill level 20 in Dodging
 35330 | Vaults:2 | Found a staircase to the Crypt.
 35330 | Vaults:2 | Found a basalt altar of Yredelemnul.
 35331 | Vaults:2 | Found an ancient bone altar of Kikubaaqudgha.
 35477 | Vaults:2 | Reached skill level 15 in Evocations
 35577 | Vaults:2 | Received a gift from Trog
 36330 | Vaults:3 | Reached skill level 15 in Shields
 36585 | Vaults:3 | Reached XP level 21. HP: 147/176 MP: 21/21
 36776 | Vaults:3 | Received a gift from Trog
 38051 | Vaults:4 | Identified the +3 ring mail of Qyleem {Dex+3}
 38087 | Vaults:4 | Reached skill level 10 in Armour
 38335 | Vaults:4 | Identified the +3 rapier "Sugoasel" {heavy, Fragile rC+
                  | Str+5} (Trog gifted it to you on level 4 of the Vaults)
 38335 | Vaults:4 | Received a gift from Trog
 38429 | Vaults:4 | Reached skill level 21 in Dodging
 38489 | Vaults:5 | Entered Level 5 of the Vaults
 38761 | Depths:1 | Entered Level 1 of the Depths
 38912 | Depths:1 | Reached skill level 15 in Long Blades
 39355 | Depths:1 | Received a gift from Trog
 39552 | Depths:1 | Noticed Sojobo
 39556 | Depths:1 | Paralysed by an air elemental for 1 turns
 39582 | Depths:1 | Paralysed by an air elemental for 1 turns
 39587 | Depths:1 | Reached XP level 22. HP: 150/185 MP: 22/22
 39593 | Depths:1 | Paralysed by an air elemental for 1 turns
 39598 | Depths:1 | Killed Sojobo
 39768 | Depths:1 | Found a sacrificial altar of Ru.
 40063 | Depths:2 | Noticed the Enchantress
 40075 | Depths:2 | Killed the Enchantress
 40138 | Depths:2 | Received a gift from Trog
 40190 | Depths:2 | Found a transporter.
 40192 | Depths:2 | Noticed a dread lich
 40195 | Depths:2 | Noticed patfeehan111222's ghost (adept MiBe)
 40198 | Depths:2 | Noticed a dread lich
 40505 | Depths:2 | Found a one-way gate leading to the halls of Pandemonium.
 40652 | Depths:2 | Found a transporter.
 40773 | Depths:3 | Noticed a golden dragon
 40785 | Depths:3 | Killed a golden dragon
 40944 | Depths:3 | Noticed a juggernaut
 40945 | Depths:3 | Noticed a juggernaut
 40962 | Depths:3 | Killed a juggernaut
 40968 | Depths:3 | Killed a juggernaut
 41038 | Depths:3 | Identified the ring "Naust" {rElec rN+ AC+4 Stlth+}
 41044 | Depths:3 | Identified the +0 pair of gloves of the Imp {Rampage Drain
                  | rPois rC+++}
 41054 | Depths:3 | Identified the +8 glaive of Ibog {antimagic, SInv}
 41088 | Depths:3 | Noticed Louise
 41097 | Depths:3 | Killed Louise
 41165 | Depths:3 | Reached skill level 22 in Dodging
 41242 | Depths:3 | Found a one-way gateway to a ziggurat.
 41752 | Depths:3 | Noticed Frederick
 41765 | Depths:3 | Killed Frederick
 41778 | Depths:3 | Found a blossoming altar of Fedhas.
 41796 | Depths:3 | Noticed Saint Roka
 41812 | Depths:3 | Killed Saint Roka
 41812 | Depths:3 | Received a gift from Trog
 42041 | Depths:4 | Entered Level 4 of the Depths
 42041 | Depths:4 | Noticed a juggernaut
 42049 | Depths:4 | Killed a juggernaut
 42050 | Depths:4 | Reached XP level 23. HP: 187/194 MP: 23/23
 42154 | Depths:4 | Identified the +0 morningstar of the Blushing Seer {drain,
                  | Will+}
 42302 | Depths:4 | Found a gate to the Realm of Zot.
 42302 | Depths:4 | Noticed a golden dragon
 42338 | Depths:4 | Killed a golden dragon
 43213 | Vaults:5 | Received a gift from Trog
 43239 | Vaults:5 | Found Ovveown's Distillery.
 43243 | Vaults:5 | Found Teergh's Distillery.
 43249 | Vaults:5 | Found Yrirgh's General Store.
 43359 | Vaults:5 | Identified the +0 robe "Vuipaz" {rF+ Regen+}
 43454 | Vaults:5 | Paralysed by a sphinx for 4 turns
 43611 | Vaults:5 | Received a gift from Trog
 43615 | Vaults:5 | Identified the +1 robe of Narcissism {rN+ Str+2 SInv}
 43629 | Vaults:5 | Noticed a dread lich
 43629 | Vaults:5 | Identified the +9 war axe "Japy" {flame, +Blink rElec Will-
                  | MP+9}
 43650 | Vaults:5 | Paralysed by something for 4 turns
 43870 | Vaults:5 | Killed a dread lich
 43871 | Vaults:5 | Reached XP level 24. HP: 201/201 MP: 23/23
 44048 | Vaults:5 | Received a gift from Trog
 44122 | Vaults:5 | Got the Volume of Accelerants and Geomancy
 44294 | Vaults:5 | Acquired the ring of Agnosticism {+Blink rN+ Will+ Str+3}
 44350 | Vaults:5 | Bought 2 potions of resistance for 300 gold pieces
 44350 | Vaults:5 | Bought a potion of mutation for 120 gold pieces
 44354 | Vaults:5 | Bought a potion of mutation for 104 gold pieces
 44354 | Vaults:5 | Bought a potion of might for 52 gold pieces
 44358 | Vaults:5 | Bought a potion of haste for 100 gold pieces
 44396 | Vaults:5 | Found Jikob's General Store.
 44400 | Vaults:5 | Bought a wand of mindburst (3) for 75 gold pieces
 44400 | Vaults:5 | Bought a potion of ambrosia for 144 gold pieces
 44408 | Vaults:5 | Got a silver rune of Zot
 44586 | Vaults:5 | Noticed a dread lich
 44609 | Vaults:5 | Killed a dread lich
 44784 | Vaults:5 | Noticed an ancient lich
 44802 | Vaults:5 | Killed an ancient lich
 45371 | Lair:4   | Killed Irudwodgh's ghost
 45698 | Crypt:1  | Entered Level 1 of the Crypt
 45815 | Crypt:1  | Paralysed by something for 4 turns
 45819 | Crypt:1  | HP: 8/206 [something (29)]
 45819 | Crypt:1  | Demolished by a vampire knight

Illustrated notes

Levels and vault maps discovered:
D:1:      nicolae_arrival_somewhat_less_tricky_arrival, layout_basic
D:2:      layout_basic
D:3:      layout_basic, ebering_ecumenical_altar_sacrificial
D:4:      layout_basic, grunt_ministairs_8
D:5:      layout_cave_pods, zin_scriptorium, minmay_temple_entry_arrows
D:6:      minmay_skewed_foursquare, layout_gridville,
          mainiacjoe_overflow_alcove_4, nicolae_overflow_hidden_temple,
          grunt_temple_overflow_open, nicolae_figureground_pulse, uniq_eustachio
D:7:      layout_rooms, eino_small_chamber_without_monster,
          kennysheep_generic_room_9
D:8:      layout_cave_pods, enter_bailey_3, gammafunk_ghost_abyssal_escape,
          serial_column_ruins, column_ruins_hut, column_ruins_grid_3,
          column_ruins_corridor_plus, column_ruins_open_tiny,
          column_ruins_open_tiny, uniq_pikel
D:9:      layout_roguey, dpeg_oklobed_lair, david_orc_3, uniq_joseph, uniq_erica
D:10:     layout_roguey, chequers_mini_garden, uniq_maggie
D:11:     layout_gridville, enter_trove_1, nicolae_uskayaw_suspiria
D:12:     layout_gridville, st_stairs_5
D:13:     layout_roguey, grunt_vaults_entry_tiered
D:14:     layout_rooms
D:15:     hangedman_depths_entry_try_elsewhere_first, layout_basic,
          fedhas_altar_2, uniq_nessos
Temple:   eino_temple_lava
Lair:1:   layout_chaotic_city, st_stairs_13, infiniplex_staircase_pool_2
Lair:2:   layout_small_grid, nicolae_snake_entry_warm_welcome
Lair:3:   layout_cave_pods, swamp_mist, gammafunk_ghost_necromancy,
          beast_lair_carwin_10, serial_bayou_shore_b, lemuel_fruit_tree
Lair:4:   layout_cave_pods, ebering_ghost_xom
Lair:5:   evil_forest, layout_layer_cave, nicolae_slime_entry_field_trip,
          serial_bayou_pond_c
Swamp:1:  layout_basic_swamp, nicolae_swamp_big_swirl, uniq_jorgrun
Swamp:2:  layout_basic_swamp, serial_swamp_ruin, evilmike_swamp_ruin_house_4,
          evilmike_swamp_ruin_house_5
Swamp:3:  layout_falls_marsh, gammafunk_ghost_arena, nicolae_swamp_tree_designs,
          swamp_pool4, uniq_aizul
Swamp:4:  swamp_vile, layout_basic_swamp, nicolae_swamp_drake_lake
Snake:1:  layout_honeycomb
Snake:2:  layout_grid_maze, uniq_donald
Snake:3:  layout_honeycomb, serial_shops, shop_fountains
Snake:4:  minmay_snake_end_coiled, layout_basic, uniq_mlioglotl, uniq_asterion,
          uniq_vashnia
Orc:1:    layout_caves, uniq_fannar, uniq_josephine
Orc:2:    grunt_orc_cross, layout_caves, serial_shops, shop,
          nicolae_shop_hallway_stairs, nicolae_shop_trees,
          nicolae_shop_hallway_stairs, basic_altar, nicolae_orc_lava_room
Elf:1:    nicolae_elf_arrival_aired_out, layout_gridlike, serial_shops, shop,
          minmay_elf_necromancy, st_stairs_4,
          nicolae_elf_vaults_five_recruitment_drive
Elf:2:    elven_hall_of_blades_hangedman_original
          [nicolae_blade_entry_pointy_end], layout_gridlike
Elf:3:    minmay_elf_hall_x, layout_gridlike, serial_shops, shop
Vaults:1: nicolae_vaults_know_your_exits, v_pattern_2, v_misc_9,
          hangedman_vaults_river_flow, nicolae_vaults_little_squares_6,
          vaults_mumra_lcd, ontoclasm_vaults_hangar, grunt_vaults_bifocal,
          vaults_mumra_chevron_long, v_misc_12, vaults_dpeg_cross,
          vaults_mumra_chevron, layout_vaults_big_cross
Vaults:2: minmay_crypt_entry_necro_gods, hangedman_vaults_slither,
          hangedman_vaults_variations, nicolae_vaults_triangles,
          grunt_vaults_hallway_short, vaults_room_door_ring,
          ontoclasm_vaults_gateway, layout_vaults_chaotic_city
Vaults:3: v_alt_pattern_3, v_misc_16, nicolae_vaults_circle_grid_b,
          ontoclasm_vaults_idyll, nicolae_vaults_network_s,
          nicolae_vaults_quartermaster, ontoclasm_vaults_shuriken,
          nicolae_vaults_little_squares_1, layout_vaults_omnigrid
Vaults:4: v_alt_pattern_2, v_rooms_4, v_misc_3, vaults_standard_mumra_lines,
          v_misc_19, hangedman_vaults_hat, hangedman_vaults_snaps,
          ontoclasm_vaults_ligature, nicolae_vaults_little_squares_1,
          nicolae_vaults_branching_niches, nicolae_vaults_little_squares_3,
          nicolae_vaults_little_ls, layout_vaults_omnibox, uniq_margery
Vaults:5: serial_shops
Crypt:1:  layout_regular_city, grunt_megastairs_4
Depths:1: layout_gridlike, hellmouth_3, dk_noncrumbling_4,
          nicolae_ru_sacrificial_ziggurat, serial_bayou_shore_b,
          kennysheep_random_hallway, uniq_sojobo
Depths:2: lightli_eight_chambers, layout_cave_pools, hellmouth_1,
          gammafunk_ghost_mausoleum, rand_demon_pan_entry_8,
          infiniplex_staircase_split_hallway, uniq_enchantress
Depths:3: minmay_the_grid_triangle_9x9_rhombus_thin
          [minmay_the_grid_triangle_9x9_impossible_snake,
          minmay_the_grid_triangle_9x9_prize_schism,
          minmay_the_grid_triangle_9x9_corruption,
          minmay_the_grid_triangle_9x9_negative_grid], layout_gridlike,
          enter_ziggurat_d, nicolae_abyss_entry_one_way_or_another, hell_entry,
          lemuel_round_altar, drop_trap, kennysheep_generic_room_8,
          infiniplex_staircase_pillars_1, serial_bayou_shore_a,
          serial_bayou_shore_b, uniq_saint_roka, uniq_frederick
Depths:4: grunt_x_marks_the_spot, layout_cave_pools, grunt_mini_vestibule,
          corexii_corridor_pit, lemuel_freeze_loot_1

Skill      XL: |  1  2  3  4  5  6  7  8  9 10 11 12 13 14 15 16 17 18 19 20 21 22 23 24 |
---------------+-------------------------------------------------------------------------+-----
Stealth        | 1 2 3 4 6 7 9 10 11 13 14 15 16 17 18 | 18.8
Long Blades    | 4 5 6 7 8 9 11 13 14 15 16 17 18 | 18.3
Fighting       | 4 5 6 8 9 10 11 12 13 14 15 16 17 18 19 20 | 20.6
Evocations     | 1 2 3 5 7 8 11 12 13 14 15 16 17 18 | 18.0
Dodging        | 3 4 6 9 11 13 14 16 18 19 20 21 22 | 22.3
Short Blades   | 3 6 8 9 10 12 13 | 13.1
Shields        | 4 7 8 9 10 11 12 13 14 15 16 | 16.4
Armour         | 2 4 6 7 8 9 10 11 12 | 12.4

Action                     |  1- 3 |  4- 6 |  7- 9 | 10-12 | 13-15 | 16-18 | 19-21 | 22-24 || total
---------------------------+-------+-------+-------+-------+-------+-------+-------+-------++-------
  Melee: Falchion          |   106 |   164 |   351 |    93 |       |       |       |       ||   714
         Punch             |       |     2 |     3 |    12 |     4 |       |       |       ||    21
         Tailslap          |       |       |     8 |    16 |    34 |   133 |    21 |    18 ||   230
         Dagger            |       |       |       |   600 |  1669 |  1189 |    40 |    22 ||  3520
         Demon blade       |       |       |       |       |       |   402 |  1444 |  1354 ||  3200
  Throw: Dart              |       |       |       |     7 |       |       |       |       ||     7
         Javelin           |       |       |       |       |       |       |       |     2 ||     2
 Invoke: Berserk           |     1 |     4 |     8 |     3 |       |       |     6 |     6 ||    28
         Trog's Hand       |       |     2 |     2 |       |     1 |       |       |       ||     5
         Brothers in Arms  |       |       |       |       |       |       |       |     2 ||     2
Ability: Evoke Invisibilit |       |       |       |       |     1 |     1 |       |     2 ||     4
  Evoke: Wand              |       |     3 |    10 |     2 |     8 |    13 |     4 |    11 ||    51
         Tin of tremorston |       |       |       |       |     2 |     6 |     7 |     5 ||    20
         Condenser vane    |       |       |       |       |       |       |     2 |     7 ||     9
         Lightning rod     |       |       |       |       |       |       |     4 |     7 ||    11
    Use: Scroll            |       |       |    23 |     5 |     5 |     9 |     6 |    13 ||    61
         Potion            |       |       |     2 |     2 |     1 |     2 |     1 |     1 ||     9
   Stab: Sleeping          |     1 |       |     6 |    19 |    32 |    52 |    49 |    23 ||   182
         Distracted        |       |       |       |     2 |     4 |    12 |    11 |     7 ||    36
         Invisible         |       |       |       |       |     8 |     1 |       |    13 ||    22
         Confused          |       |       |       |       |       |     1 |       |       ||     1
 Armour: Animal skin       |     3 |       |       |       |       |       |       |       ||     3
         Scale mail        |    37 |    52 |       |       |       |       |    97 |   193 ||   379
         Chain mail        |       |    12 |       |       |       |       |       |       ||    12
         Leather armour    |       |     6 |    53 |       |       |       |       |       ||    59
         Quicksilver drago |       |       |    11 |    89 |   175 |    59 |    46 |       ||   380
         Ring mail         |       |       |       |       |       |    35 |       |       ||    35
  Dodge: Dodged            |    57 |    91 |   279 |   567 |  1000 |   950 |   883 |   978 ||  4805
  Block: Buckler           |       |       |       |       |   383 |   389 |       |       ||   772
         Kite shield       |       |       |       |       |       |   425 |   928 |  1273 ||  2626
         Reflection        |       |       |       |       |       |    77 |    34 |    30 ||   141

Table legend: (Time is in decaauts)
 A = Elapsed time spent in this place.
 B = Non-inter-level travel time spent in this place.
 C = Inter-level travel time spent in this place.
 D = Time resting spent in this place.
 E = Time spent auto-exploring this place.
 F = Levels seen in this place.
 G = Mean time per level.
                   A        B        C        D        E       F      G
               +--------+--------+--------+--------+--------+-----+--------+
         Total |  44350 |  39892 |   4458 |   2604 |  24808 |  45 |  985.6 |
       Dungeon |  14217 |  12057 |   2160 |    564 |   8440 |  15 |  947.8 |
        Temple |     92 |     92 |      0 |      0 |      0 |   1 |   92.0 |
          Lair |   5740 |   5220 |    520 |    166 |   3567 |   5 | 1148.0 |
         Swamp |   2727 |   2581 |    146 |    422 |   1149 |   4 |  681.8 |
     Snake Pit |   3993 |   3757 |    236 |     87 |   2594 |   4 |  998.2 |
  Orcish Mines |   1312 |   1130 |    182 |     67 |    654 |   2 |  656.0 |
   Elven Halls |   4297 |   4083 |    214 |    708 |   2117 |   3 | 1432.3 |
        Vaults |   7196 |   6390 |    806 |    359 |   4082 |   5 | 1439.2 |
         Crypt |     99 |     99 |      0 |      0 |     18 |   1 |   99.0 |
        Depths |   3801 |   3611 |    190 |     60 |   2058 |   4 |  950.2 |
        Bailey |    872 |    872 |      0 |    169 |    126 |   1 |  872.0 |
               +--------+--------+--------+--------+--------+-----+--------+

Top non-repeatable levels by time:
   Elf:3: 1650 daAuts
Vaults:5: 1630 daAuts
   Elf:2: 1627 daAuts
  Lair:5: 1547 daAuts
Vaults:2: 1512 daAuts
Vaults:4: 1385 daAuts
Vaults:1: 1373 daAuts
     D:5: 1331 daAuts
Vaults:3: 1294 daAuts
    D:11: 1262 daAuts
Depths:3: 1226 daAuts
  Lair:3: 1176 daAuts
Depths:1: 1153 daAuts
     D:3: 1127 daAuts
 Snake:4: 1092 daAuts
